 Dungeon Crawl Stone Soup version 0.21.1-1-g345015f (webtiles) character file.

231 wojtek the Chopper (level 5, -6/46 HPs)
             Began as a Minotaur Fighter on July 8, 2018.
             Blown up by Pikel (17 damage)
             ... with a wand of disintegration (7)
             ... on level 4 of the Dungeon.
             The game lasted 00:03:42 (2682 turns).

wojtek the Chopper (Minotaur Fighter)               Turns: 2682, Time: 00:03:43

Health: -6/46      AC: 11    Str: 22    XL:     5   Next: 73%
Magic:  4/4        EV:  8    Int:  5    God:
Gold:   162        SH:  9    Dex:  9    Spells: 4/4 levels left

rFire    . . .     SeeInvis .   a - +0 war axe
rCold    . . .     Gourm    .   c - +0 shield
rNeg     . . .     Faith    .   b - +0 scale mail
rPois    .         Spirit   .   (helmet restricted)
rElec    .         Reflect  .   (no cloak)
rCorr    .         Harm     .   u - +2 pair of gloves
MR       .....                  r - +0 pair of boots
Stlth    ..........             (no amulet)
HPRegen  0.15/turn              (no ring)
MPRegen  0.09/turn              (no ring)

@: no status effects
A: retaliatory headbutt, horns 2
a: no special abilities


You were on level 4 of the Dungeon.
You were not hungry.

You visited 1 branch of the dungeon, and saw 4 of its levels.

You collected 162 gold pieces.

Inventory:

Hand Weapons
 a - a +0 war axe (weapon)
Armour
 b - a +0 scale mail (worn)
 c - a +0 shield (worn)
 r - a +0 pair of boots (worn)
 u - a +2 pair of gloves (worn)
Jewellery
 s - an uncursed ring of resist corrosion {unknown}
 v - a cursed ring of teleportation {unknown}
Scrolls
 e - a scroll of remove curse {unknown}
 h - 2 scrolls of fear {unknown}
 i - 4 scrolls of identify {unknown}
 j - a scroll of magic mapping {unknown}
 m - 2 scrolls of teleportation {unknown}
 n - 2 scrolls of random uselessness {unknown}
 o - a scroll of enchant armour {unknown}
 p - 3 scrolls of enchant weapon {unknown}
 t - a scroll of noise {unknown}
Potions
 d - a potion of might
 g - a potion of berserk rage {unknown}
 k - a potion of invisibility {unknown}
 l - 3 potions of heal wounds {unknown}
Comestibles
 f - 7 rations
 q - 7 chunks of flesh


   Skills:
 + Level 4.1 Fighting
 + Level 6.1 Axes
 + Level 4.2 Armour
 + Level 1.3 Dodging
 + Level 4.1 Shields


You had 4 spell levels left.
You didn't know any spells.

Dungeon Overview and Level Annotations

Branches:
Dungeon (4/15)
 Temple: D:4-7

Altars:

Annotations:
D:4 Pikel


Innate Abilities, Weirdness & Mutations

You reflexively headbutt those who attack you in melee.
You have a pair of horns on your head.


Message History

an animal skin; a human corpse You hit Pikel.
Your headbutt misses Pikel.
Pikel is lightly wounded.
Pikel says, "You'll fetch a fair price!"
Pikel zaps a wand.
You are blasted!
You are too injured to fight recklessly!
You are too injured to fight recklessly!
You see here a short sword.
There is a stone staircase leading up here.
Your shield prevents you from hitting Pikel.
Pikel is lightly wounded.
Pikel hits you with a whip of electrocution.
* * * LOW HITPOINT WARNING * * *
You hit Pikel.
Pikel is moderately wounded.
Pikel hits you but does no damage.
You closely miss Pikel.
Pikel is moderately wounded.
Pikel zaps a wand.
You are blasted!
You die...

#.#######
#.......#
#.#####.#
#......@#
#.#######K#
#..p.pp[pp#
###########


You could see Pikel and 2 slaves.

Vanquished Creatures
  A slave (D:4)
  A hound (D:2)
  Jessica (D:2)
  A hound skeleton (D:3)
  Robin (D:2)
  6 adders
  3 worms
  2 dart slugs
  An orc (D:3)
  2 giant cockroaches
  13 goblins
  15 hobgoblins
  4 jackals (D:1)
  8 kobolds
  6 ball pythons
  5 bats
  5 frilled lizards (D:1)
  8 rats
83 creatures vanquished.

Vanquished Creatures (others)
  A plant (D:3)
1 creature vanquished.

Grand Total: 84 creatures vanquished

Notes
Turn   | Place    | Note
-------+----------+-------------------------------------------
     0 | D:1      | wojtek the Minotaur Fighter began the quest for the Orb.
     0 | D:1      | Reached XP level 1. HP: 19/19 MP: 0/0
   204 | D:1      | Reached skill level 3 in Axes
   229 | D:1      | Reached XP level 2. HP: 23/26 MP: 1/1
   296 | D:1      | Reached skill level 4 in Axes
   807 | D:1      | Reached XP level 3. HP: 31/31 MP: 2/2
  1023 | D:2      | Noticed Jessica
  1030 | D:2      | Killed Jessica
  1030 | D:2      | Reached skill level 5 in Axes
  1333 | D:2      | Reached XP level 4. HP: 38/39 MP: 3/3
  1403 | D:2      | Noticed Robin
  1410 | D:2      | Killed Robin
  1438 | D:2      | Reached XP level 5. HP: 43/46 MP: 4/4
  1780 | D:3      | Reached skill level 1 in Dodging
  1824 | D:3      | Reached skill level 6 in Axes
  2667 | D:4      | Noticed Pikel
  2667 | D:4      | Noticed a slave
  2668 | D:4      | Noticed a slave
  2669 | D:4      | Noticed a slave
  2674 | D:4      | Killed a slave
  2675 | D:4      | Noticed a slave
  2682 | D:4      | Blown up by Pikel

Skill      XL: |  1  2  3  4  5 |
---------------+----------------+-----
Axes           | 3 4 5 6 |  6.1
Dodging        | 1 |  1.3
Fighting       | 4 |  4.1
Armour         | 4 |  4.2
Shields        | 4 |  4.1

Action                   |  1- 3 |  4- 6 || total
-------------------------+-------+-------++-------
Melee: War axe           |    83 |   129 ||   212
       Headbutt          |     9 |    16 ||    25
  Eat: Chunk             |     1 |     5 ||     6
Armor: Scale mail        |    35 |    51 ||    86
Dodge: Dodged            |    24 |    30 ||    54
Block: Shield            |    38 |    66 ||   104
